 Dungeon Crawl Stone Soup version 0.19-a0-1047-g4b671ad (webtiles) character file.

74097 zzzxxxyyy the Severer (level 15, -1/134 HPs)
             Began as a Minotaur Fighter on July 31, 2016.
             Was the Champion of Okawaru.
             Slain by Rupert
             ... wielding a +1 executioner's axe of pain
              (14 damage)
             ... on level 12 of the Dungeon.
             The game lasted 01:09:25 (18457 turns).

zzzxxxyyy the Severer (Minotaur Fighter)           Turns: 18457, Time: 01:09:26

Health: -1/134     AC: 24    Str: 32    XL:     15   Next: 5%
Magic:  15/18      EV: 12    Int:  5    God:    Okawaru [******]
Gold:   1746       SH: 14    Dex: 10    Spells: 1 memorised, 6 levels left

rFire  + + +     SeeInvis .     J - +1 broad axe (elec)
rCold  . . .     Gourm    .     x - +2 plate armour {rF+}
rNeg   . . .     Faith    .     c - +0 shield
rPois  +         Spirit   .     (helmet restricted)
rElec  .         Dismiss  .     k - +0 cloak {MR+}
rCorr  .         Reflect  .     O - +0 pair of gloves of the Turtle {rF+}
SustAt .         Harm     .     r - +1 pair of boots
MR     +++..                    p - amulet of regeneration
Stlth  ..........               v - ring of protection from fire
                                o - ring of poison resistance

@: mighty, finesse, very slightly contaminated, hasted, very quick, extremely
resistant to hostile enchantments, extremely unstealthy
A: retaliatory headbutt, horns 2, magic resistance 1
a: Heroism, Finesse, Renounce Religion


You were on level 12 of the Dungeon.
You worshipped Okawaru.
Okawaru was exalted by your worship.
You were very hungry.

You visited 3 branches of the dungeon, and saw 20 of its levels.
You visited the Abyss 1 time.
You also visited: Labyrinth and Bailey.

You collected 1746 gold pieces.

Inventory:

Hand Weapons
 J - a +1 broad axe of electrocution (weapon)
 L - the +0 mace of Domination {crush, rF+ Dex+3 Stlth+}
   (You took it off a centaur on level 7 of the Dungeon)

   It inflicts extra damage upon your enemies.
   It affects your dexterity (+3).
   It protects you from fire.
   It makes you more stealthy.
 U - the +10 hand crossbow of Courage {elec, Stlth+}
   (Okawaru gifted it to you in a bailey)

   It charges the ammunition it shoots with electricity; occasionally upon a
   hit, such missiles may discharge and cause terrible harm.
   It makes you more stealthy.
Missiles
 A - 111 bolts
Armour
 c - a +0 shield (worn)
 k - a +0 cloak of magic resistance (worn)
 r - a +1 pair of boots (worn)
 x - a +2 plate armour of fire resistance (worn)
 K - a +3 plate armour of cold resistance
 O - the +0 pair of gloves of the Turtle (worn) {rF+}
   (Okawaru gifted it to you on level 4 of the Lair of Beasts)

   It protects you from fire.
Jewellery
 d - an uncursed ring of sustain attributes
 h - an uncursed ring of ice
 l - an uncursed ring of ice
 o - a ring of poison resistance (left hand)
 p - an amulet of regeneration (around neck)
 v - a ring of protection from fire (right hand)
 y - a +4 ring of dexterity
 V - an uncursed amulet of rage
Wands
 m - a wand of disintegration (13/24)
 u - a wand of disintegration (8/24)
 w - a wand of digging (13/24)
 E - a wand of hasting (3/9)
 T - a wand of hasting (5/9)
Scrolls
 i - a scroll of teleportation
 j - 3 scrolls of magic mapping
 z - a scroll of identify
 C - 4 scrolls of remove curse
 H - 2 scrolls of recharging
 N - 4 scrolls of amnesia
 S - 2 scrolls of fear
Potions
 n - 3 potions of lignification
 q - 5 potions of brilliance
 F - 2 potions of curing
 G - a potion of might
 Q - 2 potions of flight
 X - 2 potions of magic
 Y - a potion of ambrosia
Books
 s - a book of the Tempests

   Spells                             Type                      Level
   a - Static Discharge               Conjuration/Air              3
   b - Lightning Bolt                 Conjuration/Air              5
   c - Fireball                       Conjuration/Fire             5
   d - Tornado                        Air                          9
   e - Shatter                        Earth                        9
 t - a Fen Folio

   Spells                             Type                      Level
   a - Corpse Rot                     Necromancy                   2
   b - Stone Arrow                    Conjuration/Earth            3
   c - Leda's Liquefaction            Hexes/Earth                  4
   d - Summon Forest                  Summoning/Translocation      5
   e - Hydra Form                     Transmutation                6
   f - Summon Hydra                   Summoning                    7
 B - a book of Annihilations

   Spells                             Type                      Level
   a - Poison Arrow                   Conjuration/Poison           6
   b - Chain Lightning                Conjuration/Air              8
   c - Lehudib's Crystal Spear        Conjuration/Earth            8
   d - Glaciate                       Conjuration/Ice              9
   e - Fire Storm                     Conjuration/Fire             9
 M - a Necronomicon

   Spells                             Type                      Level
   a - Haunt                          Necromancy/Summoning         7
   b - Borgnjor's Revivification      Necromancy                   8
   c - Death's Door                   Charms/Necromancy            8
   d - Infestation                    Necromancy                   8
   e - Necromutation                  Transmutation/Necromancy     8
 P - a book of Beasts

   Spells                             Type                      Level
   a - Summon Butterflies             Summoning                    1
   b - Call Canine Familiar           Summoning                    3
   c - Summon Ice Beast               Ice/Summoning                4
   d - Summon Mana Viper              Hexes/Summoning              5
   e - Summon Hydra                   Summoning                    7
 R - a book of Burglary

   Spells                             Type                      Level
   a - Swiftness                      Charms/Air                   2
   b - Passwall                       Transmutation/Earth          2
   c - Passage of Golubria            Translocation                4
   d - Lee's Rapid Deconstruction     Earth                        5
   e - Darkness                       Hexes                        6
   f - Invisibility                   Hexes                        6
Miscellaneous
 e - a lamp of fire
Comestibles
 b - a beef jerky
 f - 13 bread rations
 g - 10 meat rations
 W - 7 fruits


   Skills:
 + Level 12.7 Fighting
 * Level 17.8 Axes
 + Level 14.3 Armour
 + Level 11.0 Dodging
 + Level 12.4 Shields
 + Level 6.1 Invocations


You had 6 spell levels left.
You knew the following spells:

 Your Spells              Type           Power        Failure   Level  Hunger
a - Necromutation         Tmut/Necr      #.........   100%        8    #######


Dungeon Overview and Level Annotations

Branches:
Dungeon (13/15) Temple (1/1) D:4 Lair (6/6) D:9 Swamp (0/4) Lair:3 Spider (0/4) Lair:3 Slime (0/5) Lair:5 Orc (0/2) D:9 Vaults (0/5) D:12 D:13

Altars:
Ashenzari
Cheibriados
Dithmenos
Elyvilon
Fedhas
Gozag
Hepliaklqana
Kikubaaqudgha
Makhleb
Nemelex Xobeh
Okawaru
Pakellas
Qazlal
Ru
Sif Muna
Trog
Uskayaw
Vehumet
Xom
Yredelemnul
Zin
The Shining One
Jiyva

Shops:
D:6 (   D:10 [   D:11 [   D:12 (

Portals:
Hell: Lair:6

Annotations:
D:12 Rupert
D:13 Nessos
Lair:5 1 runed door


Innate Abilities, Weirdness & Mutations

You reflexively headbutt those who attack you in melee.
You have a pair of horns on your head.
You are resistant to hostile enchantments. (MR+)


Message History

Unknown command.
You hit Rupert. Your headbutt misses Rupert.
Rupert is heavily wounded.
You slash the human!
You kill the human!
Okawaru accepts your kill.
Rupert hits you with an executioner's axe of pain!!
* * * LOW HITPOINT WARNING * * *
You writhe in agony.
* * * LOW HITPOINT WARNING * * *
You slash Rupert! You headbutt Rupert!
Rupert is severely wounded.
Unknown command.
You slice Rupert!! You headbutt Rupert!
Rupert is almost dead.
Unknown command.
You hit Rupert.
Rupert is almost dead.
Rupert hits you with an executioner's axe of pain!
You die...

#....).)#..#....#..##
#.....).#..#...##..#.
#.......#..#..###..#.
#...##..#..#.####..#.
#...##..#..#.........
#...##..#..#.........
######..#..#.####..#.
####....#..#.#......#
#..)@@..#..#.#.......
#....†..#..#.#.......
#.......#..#.####...#
####.##.#..#..###...#
#.##.#..#...##...#
##.##.#..#....#####
#..##.#............
##.###.#....########
#..# #.#...)........


You could see Rupert (berserk).

Vanquished Creatures
  A storm dragon (D:12)
  A dire elephant (Lair:6)
  The ghost of runewalsh the Frost Mage, a journeyman OpIE of Gozag (Lair:4)
  A minotaur (Lab)
  A rakshasa (Abyss:1)
  A great orb of eyes (D:12)
  Harold (D:11)
  Fannar (D:12)
  An ice dragon (D:12)
  9 hydras
  Erica (D:8)
  A catoblepas (D:13)
  2 centaur warriors (D:12)
  9 death yaks
  The ghost of kuniqs the Nimble, a novice DsSk (Bailey)
  Urug (Lair:4)
  A large abomination (Abyss:1)
  Nergalle (D:12)
  Sonja (Lair:1)
  A sun demon (Lair:6)
  An unseen horror (D:11)
  A giant orange brain (Abyss:1)
  Pikel (D:6)
  A wizard (Lair:6)
  4 hill giants
  3 orc knights (Bailey)
  A phantasmal warrior (D:12)
  An ugly thing (D:11)
  A worldbinder (Abyss:1)
  3 cyclopes
  An elephant (Lair:6)
  3 black mambas
  2 smoke demons
  An orange demon (Lair:6)
  9 spiny frogs
  An efreet (Abyss:1)
  2 rime drakes
  5 komodo dragons
  4 ice devils (Lair:6)
  2 red devils (Lair:6)
  A hellwing (Lair:6)
  4 ancient zymes (Abyss:1)
  A meliai (D:12)
  3 polar bears
  4 trolls
  Grinder (D:5)
  Prince Ribbit (D:5)
  3 raiju (Abyss:1)
  16 blink frogs
  A boulder beetle (Lair:6)
  2 ynoxinuls (Abyss:1)
  2 vampires
  A shadow (D:12)
  3 basilisks
  39 yaks
  A water elemental (D:11)
  Grum (D:9)
  2 wyverns
  Eustachio (D:6)
  10 hippogriffs
  13 humans
  2 hungry ghosts
  A golden eye (Abyss:1)
  A chaos spawn (Abyss:1)
  4 vampire mosquitoes (D:12)
  5 insubstantial wisps (Lair:3)
  A mottled dragon (D:12)
  2 hell hounds (Lair:6)
  9 water moccasins
  6 porcupines
  3 black bears
  16 orc warriors
  3 ice beasts
  2 sky beasts
  An eye of draining (D:12)
  4 phantoms
  A slave (D:6)
  8 wolves
  4 ogres
  7 centaurs
  12 crocodiles
  2 big kobolds (D:10)
  16 giant frogs
  A wyvern zombie (D:10)
  12 scorpions
  3 killer bees (D:10)
  7 wights
  4 electric eels
  5 crimson imps
  A giant frog zombie (D:12)
  A quasit (D:11)
  7 orc priests
  7 hounds
  A giant frog skeleton (D:6)
  4 jellies
  13 orc wizards
  An iguana (shapeshifter) (D:12)
  6 iguanas
  Natasha (thrice) (D:4)
  9 worker ants
  A small abomination (Abyss:1)
  A killer bee zombie (D:5)
  8 sheep (Lair:6)
  2 hound skeletons (D:9)
  A howler monkey skeleton (D:9)
  4 gnolls (D:9)
  14 adders
  32 river rats
  5 shadow imps
  2 adder skeletons
  2 worms (D:2)
  A dart slug (D:1)
  5 giant geckos
  32 orcs
  A ball python (D:2)
  7 giant cockroaches
  13 goblins
  7 hobgoblins
  16 jackals
  3 quokkas
  12 bats
  A giant gecko skeleton (D:7)
  4 giant newts
  21 kobolds
  6 rats
  11 fungi
  4 plants
605 creatures vanquished.

Vanquished Creatures (others)
  A slave (D:7)
  An ogre (D:6)
  A hound (D:7)
  2 sheep (D:7)
  A howler monkey zombie (D:7)
  A giant gecko (D:7)
  7 fungi
  A plant (Lair:5)
15 creatures vanquished.

Grand Total: 620 creatures vanquished

Notes
Turn   | Place    | Note
-------+----------+-------------------------------------------
     0 | D:1      | zzzxxxyyy the Minotaur Fighter began the quest for the Orb.
     0 | D:1      | Reached XP level 1. HP: 19/19 MP: 0/0
   301 | D:1      | Reached XP level 2. HP: 27/27 MP: 1/1
   892 | D:2      | Reached skill level 3 in Axes
   918 | D:2      | Reached XP level 3. HP: 31/33 MP: 2/2
  1094 | D:2      | Reached skill level 1 in Dodging
  1404 | D:2      | Found a white marble altar of Elyvilon.
  1633 | D:2      | Reached XP level 4. HP: 40/40 MP: 3/3
  1938 | D:3      | Found an iron altar of Okawaru.
  1947 | D:3      | Reached skill level 4 in Axes
  1948 | D:3      | Reached XP level 5. HP: 46/46 MP: 4/4
  1964 | D:3      | Became a worshipper of Warmaster Okawaru
  2311 | D:3      | Reached skill level 5 in Axes
  2346 | D:4      | Noticed Natasha
  2351 | D:4      | Killed Natasha
  2351 | D:4      | Reached XP level 6. HP: 53/53 MP: 5/5
  2490 | D:4      | Noticed Natasha
  2501 | D:4      | Killed Natasha
  2512 | D:4      | Noticed Natasha
  2517 | D:4      | Killed Natasha
  2684 | D:4      | Found a staircase to the Ecumenical Temple.
  2692 | Temple   | Entered the Ecumenical Temple
  3046 | D:4      | Reached skill level 5 in Fighting
  3084 | D:5      | Entered Level 5 of the Dungeon
  3104 | D:5      | Reached * piety under Okawaru
  3211 | D:5      | Noticed Prince Ribbit
  3272 | D:5      | Noticed an ice beast
  3283 | D:5      | Killed an ice beast
  3283 | D:5      | Reached skill level 6 in Axes
  3283 | D:5      | Reached skill level 5 in Armour
  3283 | D:5      | Reached skill level 5 in Shields
  3283 | D:5      | Reached XP level 7. HP: 61/61 MP: 6/6
  3307 | D:5      | Found a burning altar of Makhleb.
  3390 | D:5      | Killed Prince Ribbit
  3390 | D:5      | Reached ** piety under Okawaru
  3409 | D:5      | Reached skill level 7 in Axes
  3478 | D:5      | Noticed Grinder
  3486 | D:5      | Killed Grinder
  3486 | D:5      | Reached XP level 8. HP: 70/70 MP: 7/7
  3699 | D:6      | Found Hathrad's Antique Weapon Shoppe.
  3822 | D:6      | Reached *** piety under Okawaru
  3822 | D:6      | Reached skill level 8 in Axes
  3959 | D:6      | Noticed Pikel
  3971 | D:6      | Killed Pikel
  3971 | D:6      | Reached XP level 9. HP: 79/79 MP: 8/8
  4010 | D:6      | Reached skill level 9 in Axes
  4091 | D:6      | Noticed Eustachio
  4116 | D:6      | Killed Eustachio
  4116 | D:6      | Reached skill level 5 in Dodging
  4279 | D:6      | Reached **** piety under Okawaru
  4772 | D:7      | Got a bloodstained mace {crush}
  4837 | D:7      | Identified the cursed +0 mace of Domination {crush, rF+ Dex+3 Stlth+} (You took it off a centaur on level 7 of the Dungeon)
  4891 | D:7      | Noticed a cyclops
  4899 | D:7      | Killed a cyclops
  4899 | D:7      | Reached skill level 10 in Axes
  5190 | D:7      | Reached skill level 12 in Axes
  5190 | D:7      | Reached XP level 10. HP: 88/88 MP: 9/9
  5416 | D:8      | Noticed Erica
  5430 | D:8      | Killed Erica
  5430 | D:8      | Reached ***** piety under Okawaru
  5430 | D:8      | Reached skill level 13 in Axes
  5436 | D:8      | Reached XP level 11. HP: 83/94 MP: 10/10
  5579 | D:8      | Learned a level 8 spell: Necromutation
  5583 | D:8      | Gained mutation: You are resistant to hostile enchantments. (MR+) [potion of beneficial mutation]
  6142 | D:9      | Found a staircase to the Lair.
  6197 | D:9      | Found a sparkling altar of Nemelex Xobeh.
  6197 | D:9      | Found a staircase to the Orcish Mines.
  6418 | D:9      | Received a gift from Okawaru
  6470 | D:9      | Noticed Grum
  6480 | D:9      | Killed Grum
  6762 | D:10     | Entered Level 10 of the Dungeon
  6792 | D:10     | Found Kuedi's Armour Shoppe.
  6873 | D:10     | Found a flagged portal.
  6888 | Bailey   | Entered a bailey
  6888 | Bailey   | Noticed an orc knight
  6889 | Bailey   | Noticed an orc knight
  6890 | Bailey   | Noticed kuniqs's ghost (novice DsSk)
  6904 | Bailey   | Killed kuniqs's ghost
  6918 | Bailey   | Killed an orc knight
  6923 | Bailey   | Killed an orc knight
  6923 | Bailey   | Received a gift from Okawaru
  7049 | Bailey   | Got a jewelled hand crossbow {god gift}
  7062 | Bailey   | Identified the +10 hand crossbow of Courage {elec, Stlth+} (Okawaru gifted it to you in a bailey)
  7106 | Bailey   | Noticed an orc knight
  7127 | Bailey   | Killed an orc knight
  7446 | D:10     | Reached skill level 14 in Axes
  7616 | D:10     | Noticed a hill giant
  7626 | D:10     | Killed a hill giant
  8115 | Lair:1   | Entered Level 1 of the Lair of Beasts
  8206 | Lair:1   | Noticed Sonja
  8227 | Lair:1   | Cast into level 1 of the Abyss (Sonja)
  8351 | Abyss:1  | Reached XP level 12. HP: 29/105 MP: 11/11
  8482 | Abyss:1  | Received a gift from Okawaru
  8522 | Abyss:1  | Noticed a rakshasa
  8547 | Abyss:1  | Killed a rakshasa
  8685 | Abyss:1  | Reached skill level 10 in Fighting
  8961 | Lair:1   | Escaped the Abyss
  9186 | Lair:1   | Reached skill level 10 in Shields
  9524 | Lair:1   | Reached skill level 15 in Axes
 10625 | Lair:3   | Found a labyrinth entrance.
 10634 | Lab      | Entered a labyrinth
 10938 | Lab      | Noticed a minotaur
 10951 | Lab      | Killed a minotaur
 11240 | Lair:3   | Found a hole to the Spider Nest.
 11321 | Lair:3   | Reached skill level 1 in Invocations
 11321 | Lair:3   | Reached XP level 13. HP: 111/115 MP: 12/12
 11604 | Lair:3   | Found a staircase to the Swamp.
 11908 | Lair:4   | Received a gift from Okawaru
 11911 | Lair:4   | Got a pair of crude gloves {god gift}
 11922 | Lair:4   | Identified the +0 pair of gloves of the Turtle {rF+} (Okawaru gifted it to you on level 4 of the Lair of Beasts)
 12141 | Lair:4   | Noticed runewalsh's ghost (journeyman OpIE)
 12171 | Lair:4   | Killed runewalsh's ghost
 12675 | Lair:4   | Noticed Urug
 12696 | Lair:4   | Killed Urug
 12940 | Lair:4   | Reached skill level 16 in Axes
 13299 | Lair:5   | Found a runed door.
 13299 | Lair:5   | Found a viscous altar of Jiyva.
 13299 | Lair:5   | Found a staircase to the Slime Pits.
 13441 | Lair:5   | Found an ancient bone altar of Kikubaaqudgha.
 13681 | Lair:5   | Received a gift from Okawaru
 14006 | Lair:6   | Entered Level 6 of the Lair of Beasts
 14025 | Lair:6   | Reached ****** piety under Okawaru
 14046 | Lair:6   | Received a gift from Okawaru
 14271 | Lair:6   | Noticed a dire elephant
 14285 | Lair:6   | Killed a dire elephant
 14285 | Lair:6   | Reached XP level 14. HP: 80/125 MP: 10/16
 14682 | Lair:6   | Reached skill level 10 in Dodging
 15084 | Lair:6   | Found a burning altar of Makhleb.
 15123 | Lair:6   | Found a gateway to Hell.
 15136 | Lair:6   | Reached skill level 5 in Invocations
 15304 | Lair:6   | Reached skill level 17 in Axes
 15879 | Lair:1   | Killed Sonja
 15879 | Lair:1   | Received a gift from Okawaru
 16082 | D:11     | Found Ownar's Antique Armour Emporium.
 16405 | D:11     | Noticed Harold
 16424 | D:11     | Killed Harold
 16722 | D:11     | Found a stormy altar of Qazlal.
 16903 | D:12     | Noticed Nergalle
 16926 | D:12     | Killed Nergalle
 17249 | D:12     | Noticed Fannar
 17263 | D:12     | Killed Fannar
 17326 | D:12     | Noticed a storm dragon
 17327 | D:12     | Noticed an iron dragon
 17328 | D:12     | Noticed a caustic shrike
 17328 | D:12     | an iron dragon changed into a caustic shrike
 17635 | D:12     | Found Onyguje's Antique Weapon Shop.
 17859 | D:12     | Killed a storm dragon
 18425 | D:13     | Found a gate to the Vaults.
 18425 | D:13     | Noticed Rupert
 18425 | D:13     | Noticed Nessos
 18435 | D:13     | Received a gift from Okawaru
 18435 | D:13     | Reached XP level 15. HP: 106/134 MP: 12/18
 18457 | D:12     | Slain by Rupert

Vault maps used:
D:1:      minmay_arrival_cross, minmay_distorted
D:2:      lemuel_round_altar
D:3:      overflow_temple_1_default, grunt_decor_fettered, grunt_ministairs_9
D:4:      uniq_natasha
D:5:      nicolae_overflow_crystal_walls, first_bread, due_unseen_surprise,
          uniq_grinder, uniq_prince_ribbit1
D:6:      old_forge, serial_shops, shop, uniq_pikel, uniq_eustachio
D:8:      uniq_erica
D:9:      nemelex_xobeh_ov_fountains_minmay, dpeg_oklobed_lair, orc_0_dummy,
          uniq_grum
D:10:     enter_bailey_3, serial_shops, shop
D:11:     serial_shops, shop, basic_altar, uniq_harold
D:12:     minmay_containers, serial_shops, shop_fountains, uniq_fannar,
          uniq_nergalle
D:13:     david_vaults_3, david_nohive_1, roderic_whirl
Temple:   dpeg_five_rooms_temple
Lair:1:   uniq_sonja
Lair:2:   nicolae_quartered_pool_medium
Lair:3:   minmay_swamp_entry_wisps, spider_nest_entry_web_field,
          lab_entry_generic
Lair:4:   st_stairs_10, grunt_megastairs_2, uniq_urug
Lair:5:   slime_altar_2, basic_altar, lemuel_fruit_tree
Lair:6:   evil_forest, grunt_megastairs_5
Lab:      labyrinth_hidden_loot, nicolae_lab_statue, nicolae_lab_arrow,
          nicolae_lab_garden
Bailey:   bailey_polearm_4, bailey

Skill      XL: |  1  2  3  4  5  6  7  8  9 10 11 12 13 14 15 |
---------------+----------------------------------------------+-----
Shields        | 4 5 6 7 9 10 11 12 | 12.4
Axes           | 3 4 5 6 7 8 12 13 14 15 16 17 | 17.8
Dodging        | 1 2 4 5 6 7 8 9 10 11 | 11.0
Fighting       | 4 5 6 7 8 9 10 11 12 | 12.7
Armour         | 4 5 6 11 12 13 14 | 14.3
Invocations    | 1 4 6 |  6.1

Action                   |  1- 3 |  4- 6 |  7- 9 | 10-12 | 13-15 || total
-------------------------+-------+-------+-------+-------+-------++-------
Melee: War axe           |   121 |   149 |   203 |   715 |   352 ||  1540
       Headbutt          |    15 |    22 |    49 |   164 |   236 ||   486
       Mace              |       |       |    12 |       |    24 ||    36
       Broad axe         |       |       |       |       |   440 ||   440
 Fire: Hand crossbow     |       |       |       |    14 |       ||    14
Invok: Finesse           |       |       |       |     3 |     4 ||     7
       Heroism           |       |       |       |     1 |       ||     1
Evoke: Wand              |       |       |     1 |     6 |     8 ||    15
  Use: Scroll            |       |    15 |     6 |    12 |    12 ||    45
       Potion            |       |     4 |     5 |    20 |     5 ||    34
 Stab: Confused          |       |       |       |       |     1 ||     1
       Paralysed         |       |       |       |       |     1 ||     1
  Eat: Chunk             |     2 |     6 |     7 |    17 |    19 ||    51
       Fruit             |       |       |       |     2 |       ||     2
       Meat ration       |       |       |       |     1 |       ||     1
       Pizza             |       |       |       |       |     3 ||     3
Armor: Scale mail        |    59 |       |       |       |       ||    59
       Chain mail        |     2 |    71 |    83 |    74 |       ||   230
       Plate armour      |       |       |       |   172 |   445 ||   617
Dodge: Dodged            |    30 |    46 |    52 |   219 |   316 ||   663
Block: Shield            |    59 |    97 |    98 |   313 |   460 ||  1027
